 Dungeon Crawl Stone Soup version 0.30-a0-743-gbfdf073431 (webtiles) character file.

Game seed: 6122995863746507430

22204 oldmanjim the Thaumaturge (level 13, -18/94 HPs)
             Began as a Djinni Conjurer on Feb 6, 2023.
             Was an Elder of Makhleb.
             Shot with an arrow by Nessos (29 damage)
             ... on level 3 of the Lair of Beasts on Feb 7, 2023.
             The game lasted 01:32:25 (11812 turns).

oldmanjim the Thaumaturge (Djinni Conjurer)        Turns: 11812, Time: 01:32:25

Health: -18/94     AC:  8    Str: 18    XL:     13   Next: 25%
Gold:   782        EV: 14    Int: 23    God:    Makhleb [****..] SH:  7 Dex: 11

rFire   + + +      SeeInvis .    a - +2 trident of Piggufiss {vamp, rF+++ Str+6 Dex-3}
rCold   . . .      Faith    .    N - +2 buckler of the Tick {+Blink Regen+}
rNeg    . . .      Spirit   .    B - +0 troll leather armour {Pargi}
rPois   ∞          Reflect  .    K - +0 helmet
rElec   .          Harm     .    Q - +1 cloak
rCorr   .          Rampage  .    (no gloves)
Will    +....                    (boots unavailable)
Stlth   +                        R - amulet of regeneration
HPRegen 2.75/turn                G - ring of the Establishment {rF+ Str+6}
MPRegen 0.00/turn                C - ring of ice

@: flying
A: sickness immunity, fire resistance 2, cold vulnerability 1, float, innate
caster, HP casting, extra vitality 1
a: Renounce Religion, Evoke Blink, Minor Destruction, Lesser Servant of Makhleb,
Major Destruction


You were on level 3 of the Lair of Beasts.
You worshipped Makhleb.
Makhleb was greatly pleased with you.
You visited 3 branches of the dungeon, and saw 14 of its levels.
You also visited: Sewer.

You collected 782 gold pieces.

Inventory:

Hand Weapons
 a - the +2 trident of Piggufiss (weapon) {vamp, rF+++ Str+6 Dex-3}
   (You took it off a gnoll sergeant on level 5 of the Dungeon)

   Str:       It affects your strength (+6).
   Dex:       It affects your dexterity (-3).
   rF:        It renders you almost immune to fire.
 w - a +3 war axe of flaming
Missiles
 c - 78 stones
 j - 15 boomerangs
 l - 3 silver boomerangs
 o - 14 poisoned darts
 v - 8 atropa-tipped darts
 z - 2 curare-tipped darts
 L - 3 javelins
 V - 2 throwing nets
Armour
 m - a +1 robe of cold resistance
 B - a +0 troll leather armour (worn) {Pargi}
 K - a +0 helmet (worn)
 N - the +2 buckler of the Tick (worn) {+Blink Regen+}
   (You took it off a gnoll sergeant on level 5 of the Dungeon)

   +Blink:    It lets you blink.
   Regen:     It increases your rate of health regeneration.
 Q - a +1 cloak (worn)
Magical Staves
 y - a staff of earth
Jewellery
 C - a ring of ice (right hand)
 D - an amulet of reflection
 G - the ring of the Establishment (left hand) {rF+ Str+6}
   (You found it on level 2 of the Lair of Beasts)

   [ring of strength]

   Str:       It affects your strength (+6).
   rF:        It protects you from fire.
 J - a ring of positive energy
 R - an amulet of regeneration (around neck)
Wands
 F - a wand of mindburst (32)
 O - a wand of acid (14)
 P - a wand of polymorph (8)
 X - a wand of charming (7)
Scrolls
 b - a scroll of summoning {unknown}
 e - 4 scrolls of silence
 h - a scroll of brand weapon
 q - 4 scrolls of poison
 s - 4 scrolls of teleportation
 t - 3 scrolls of torment
 u - 3 scrolls of fear
 x - 2 scrolls of magic mapping
 A - 4 scrolls of enchant armour
 E - a scroll of enchant weapon
 I - 4 scrolls of vulnerability
 S - 3 scrolls of blinking
Potions
 d - 2 potions of invisibility {unknown}
 f - a potion of might {unknown}
 g - 5 potions of flight {unknown}
 i - 3 potions of mutation {unknown}
 k - 2 potions of berserk rage {unknown}
 n - 3 potions of lignification {unknown}
 p - 6 potions of curing
 r - 2 potions of resistance
 H - 2 potions of attraction {unknown}
 T - a potion of heal wounds {unknown}
 W - 2 potions of haste {unknown}


   Skills:
 + Level 9.5 Fighting
 - Level 4.0 Armour
 - Level 8.0 Dodging
 - Level 1.5 Stealth
 + Level 6.8 Shields
 + Level 10.3 Spellcasting
 + Level 8.6 Invocations
 - Level 5.0 Evocations


You had one spell level left.
You knew the following spells:

 Your Spells              Type           Power      Damage    Failure   Level
a - Magic Dart            Conj           100%       1d8       1%          1
b - Searing Ray           Conj           100%       2d8       1%          2
c - Dazzling Flash        Conj/Hex       100%       N/A       1%          3
d - Fulminant Prism       Conj/Hex       28%        3d13      1%          4
e - Iskenderun's Mystic   Conj/Tloc      56%        2d12      1%          4
f - Shock                 Conj/Air       100%       1d9       1%          1
g - Ensorcelled Hibernat  Hex/Ice        100%       N/A       1%          2
h - Lesser Beckoning      Tloc           100%       N/A       1%          2
i - Frozen Ramparts       Ice            100%       1d16      1%          3
j - Flame Wave            Conj/Fire      56%        2d13      1%          4
k - Summon Forest         Summ/Tloc      28%        N/A       3%          5
Your spell library was empty.

Dungeon Overview and Level Annotations

Branches:
Dungeon (10/15)            Temple (1/1) D:5            Lair (3/5) D:10
  Sewer (visited)
  Swamp: Lair:2-3    Shoals: Lair:2-3     Snake: Lair:2-3    Spider: Lair:2-3
    Orc: D:9-12

Altars:
Ashenzari
Cheibriados
Dithmenos
Elyvilon
Fedhas
Gozag
Hepliaklqana
Makhleb
Nemelex Xobeh
Okawaru
Qazlal
Ru
Trog
Uskayaw
Wu Jian
Xom
Yredelemnul
Zin
The Shining One

Shops:
D:6 ([(

Portals:
Abyss: D:3

Annotations:
D:7 1 transporter
D:9 1 runed translucent door, cowhearter's ghost, journeyman DsMo
Lair:3 Nessos


Innate Abilities, Weirdness & Mutations

You are immune to sickness and miasma.
You are immune to poison.
Your flesh is very heat resistant. (rF++)
You are vulnerable to cold. (rC-)
You float through the air rather than walking.
You learn spells naturally, not from books.
Your magical power is your life essence.
You have superior vitality. (+4 MHP)


Message History

Aiming: Fulminant Prism (mildly dangerous; 1% risk of failure)
Press: ? - help, Dir - move target You conjure a prism of explosive energy!
A fulminant prism comes into view.
Nessos wields a +3 longbow of flaming.
It bursts into flame!
Nessos shoots an arrow.
The arrow hits you!!
Nessos casts a spell.
Nessos blinks!
Casting: Fulminant Prism (mildly dangerous; 1% risk of failure)
Confirm with . or Enter, or press ? or * to list all spells.
You erupt in a blast of force!
The mystic blast hits Nessos!
Nessos is moderately wounded.
Nessos is knocked back by the mystic blast.
Nessos casts a spell.
Nessos blinks!
Your fulminant prism crackles loudly.
Nessos gestures wildly while chanting.
Nessos blinks!
Your fulminant prism explodes!
The blast of energy engulfs you!
You hear an angry hiss.
Nessos shoots an arrow.
The arrow hits you!
Nessos shoots an arrow.
You block the arrow.
Nessos shoots an arrow.
The arrow hits you!! The arrow burns you.
Nessos mumbles some strange words.
Nessos blinks!
Nessos gestures wildly while chanting.
Nessos blinks!
A water moccasin comes into view.
Nessos zaps a wand.
The roots erupt in riotous growth!
The grasping roots grab you! The grasping roots constrict you.
Nessos shoots an arrow.
You block the arrow. The grasping roots constrict you.
The water moccasin hisses angrily.
You hear an angry hiss. x2
You escape the roots grasp.
Nessos shoots an arrow.
The arrow hits you!!
* * * LOW HITPOINT WARNING * * *
The arrow burns you.
* * * LOW HITPOINT WARNING * * *
Nessos shoots an arrow.
The arrow hits you!!
You die...

...#P.......##
............#
............#
#c........#
#........##
###...#.##
#...### #.†#.###
## ##'.@#..##..#
#....†.....##
#....†<>...P#
.S...†.††)..##
#.#..........#
...#...........#
# #..........$#
###.######.## ##
##


You could see Nessos (fast) and a water moccasin.

Vanquished Creatures
  Fannar (Lair:2)
  7 two-headed ogres
  A cyclops (D:7)
  8 elephants
  A black mamba (Lair:1)
  3 cane toads (Lair:1)
  An unseen horror (D:10)
  An efreet (D:10)
  The ghost of Splishie the Nimble, an amateur GnWn of Makhleb (D:5)
  8 blink frogs
  A raiju (shapeshifter) (D:10)
  A wraith (D:10)
  4 wyverns
  21 yaks
  A steam dragon (D:10)
  2 vampire mosquitoes (D:7)
  The ghost of jimonade the Magician, an amateur GnHW (D:3)
  Menkaure (D:4)
  6 water moccasins
  Pargi (Sewer)
  An acid dragon (D:10)
  A sky beast (D:7)
  4 orc warriors
  3 black bears
  6 centaurs
  A kobold brigand (D:3)
  4 gnoll sergeants
  9 bullfrogs
  2 scorpions
  A necrophage (D:6)
  4 wights (D:9)
  3 howler monkeys
  12 killer bees
  4 hounds
  2 gnoll boudas
  5 orc priests
  3 jellies
  4 iguanas
  11 orc wizards
  Robin (D:2)
  9 adders
  17 gnolls
  2 river rats (D:6)
  2 shadow imps
  2 white imps
  2 ufetubi
  3 worms
  A dart slug (D:2)
  43 orcs
  8 endoplasms
  4 giant cockroaches
  13 goblins
  9 hobgoblins
  4 jackals (D:1)
  6 kobolds
  3 quokkas
  8 ball pythons
  7 bats
  2 frilled lizards
  6 rats
  A fulminant prism (Lair:2)
304 creatures vanquished.

Vanquished Creatures (collateral kills)
  3 elephants (Lair:2)
  A cane toad (Lair:2)
4 creatures vanquished.

Vanquished Creatures (others)
  A human (D:3)
  151 fulminant prisms
  16 fungi
  21 plants
  A snaplasher vine (Lair:2)
190 creatures vanquished.

Grand Total: 498 creatures vanquished

Notes
Turn   | Place    | Note
-------+----------+-------------------------------------------
     0 | D:1      | oldmanjim the Djinni Conjurer began the quest for the Orb.
     0 | D:1      | oldmanjim set off with the following spells memorised:
                  | Magic Dart, Searing Ray, Dazzling Flash, Fulminant Prism,
                  | Iskenderun's Mystic Blast.
     0 | D:1      | Reached XP level 1. HP: 15/15 MP: 0/0
   136 | D:1      | Reached XP level 2. HP: 17/22 MP: 0/0
   231 | D:1      | Reached skill level 1 in Fighting
   309 | D:1      | Found a faded altar of an unknown god.
   444 | D:1      | Reached XP level 3. HP: 26/27 MP: 0/0
   444 | D:1      | Learned a level 1 spell: Shock
  1037 | D:2      | Reached XP level 4. HP: 31/32 MP: 0/0
  1280 | D:2      | Reached XP level 5. HP: 17/38 MP: 0/0
  1280 | D:2      | Learned a level 2 spell: Ensorcelled Hibernation
  1442 | D:2      | Noticed Robin
  1462 | D:2      | Killed Robin
  1463 | D:2      | Reached skill level 4 in Spellcasting
  1880 | D:3      | Noticed a kobold brigand
  1881 | D:3      | Noticed jimonade's ghost (amateur GnHW)
  1887 | D:3      | Found a transporter.
  1890 | D:3      | Reached XP level 6. HP: 44/45 MP: 0/0
  1984 | D:3      | Found a one-way gate to the infinite horrors of the Abyss.
  2017 | D:3      | Found a transporter.
  2263 | D:3      | Noticed a human
  2264 | D:3      | Killed a human
  2405 | D:3      | Found a hazy altar of Hepliaklqana.
  3067 | D:4      | You are sucked into a shaft and drop 2 floors!
  3088 | D:6      | Found Jophoiq's Weapon Shoppe.
  3124 | D:6      | Reached XP level 7. HP: 42/51 MP: 0/0
  3124 | D:6      | Learned a level 2 spell: Lesser Beckoning
  3203 | D:6      | Reached skill level 5 in Dodging
  3205 | D:6      | Found a glowing drain.
  3249 | Sewer    | Entered a sewer
  3344 | Sewer    | Noticed Pargi
  3352 | Sewer    | Killed Pargi
  3666 | D:6      | Found Japyss's Antique Weapon Emporium.
  3687 | D:5      | Entered Level 5 of the Dungeon
  3691 | D:5      | Found a staircase to the Ecumenical Temple.
  3700 | Temple   | Entered the Ecumenical Temple
  3867 | Temple   | Became a worshipper of Makhleb the Destroyer
  3967 | D:5      | Found a transporter.
  3967 | D:5      | Found a transporter.
  3978 | D:5      | Identified the +2 trident of Piggufiss {vamp, rF+++ Str+6
                  | Dex-3}
  3978 | D:5      | Identified the +2 buckler of the Tick {+Blink Regen+}
  4032 | D:5      | Reached XP level 8. HP: 58/58 MP: 0/0
  4039 | D:5      | Reached skill level 1 in Shields
  4048 | D:5      | Reached skill level 5 in Spellcasting
  4089 | D:5      | Reached skill level 5 in Fighting
  4396 | D:5      | Noticed Splishie's ghost (amateur GnWn)
  4455 | D:4      | Noticed Menkaure
  4759 | D:4      | Killed Menkaure
  5250 | D:6      | Found Jaoq Giq's Antique Armour Shoppe.
  5406 | D:7      | Reached * piety under Makhleb
  5407 | D:7      | Reached XP level 9. HP: 50/65 MP: 0/0
  5407 | D:7      | Learned a level 3 spell: Frozen Ramparts
  5408 | D:7      | Reached skill level 6 in Spellcasting
  5431 | D:7      | Reached skill level 5 in Shields
  5526 | D:7      | Reached skill level 1 in Invocations
  5830 | D:7      | Noticed a cyclops
  5918 | D:7      | Found a sparkling altar of Nemelex Xobeh.
  5918 | D:7      | Found a transporter.
  5918 | D:7      | Noticed a manticore
  5919 | D:7      | Noticed a gargoyle
  6190 | D:7      | Killed a cyclops
  6191 | D:7      | Reached skill level 7 in Spellcasting
  6191 | D:7      | Reached XP level 10. HP: 48/72 MP: 0/0
  6393 | D:8      | Noticed a two-headed ogre
  6658 | D:8      | Killed a two-headed ogre
  6745 | D:8      | Reached ** piety under Makhleb
  7264 | D:3      | Killed jimonade's ghost
  7488 | D:5      | Killed Splishie's ghost
  7489 | D:5      | Reached skill level 5 in Invocations
  7489 | D:5      | Reached skill level 1 in Evocations
  8412 | D:9      | Found a runed translucent door.
  8412 | D:9      | Noticed cowhearter's ghost (journeyman DsMo)
  8741 | D:9      | Found a basalt altar of Yredelemnul.
  8759 | D:9      | Reached XP level 11. HP: 79/79 MP: 0/0
  8759 | D:9      | Learned a level 4 spell: Flame Wave
  8763 | D:9      | Reached skill level 8 in Spellcasting
  8942 | D:9      | Found a broken altar of Ashenzari.
  9153 | D:10     | Entered Level 10 of the Dungeon
  9253 | D:10     | Noticed a two-headed ogre
  9256 | D:10     | Noticed a two-headed ogre
  9268 | D:10     | Reached skill level 1 in Armour
  9270 | D:10     | Killed a two-headed ogre
  9270 | D:10     | Reached *** piety under Makhleb
  9273 | D:10     | Killed a two-headed ogre
  9277 | D:10     | Noticed a two-headed ogre
  9284 | D:10     | Killed a two-headed ogre
  9381 | D:10     | Noticed a two-headed ogre
  9387 | D:10     | Killed a two-headed ogre
  9409 | D:10     | Found a white marble altar of Elyvilon.
  9409 | D:10     | Found a glowing silver altar of Zin.
  9409 | D:10     | Found a glowing golden altar of the Shining One.
  9417 | D:10     | Noticed a two-headed ogre
  9432 | D:10     | Killed a two-headed ogre
  9433 | D:10     | Reached skill level 5 in Evocations
  9557 | D:10     | Noticed a two-headed ogre
  9568 | D:10     | Killed a two-headed ogre
  9569 | D:10     | Reached skill level 9 in Spellcasting
  9608 | D:10     | Found a staircase to the Lair.
  9936 | D:10     | Reached XP level 12. HP: 86/86 MP: 0/0
 10014 | Lair:1   | Entered Level 1 of the Lair of Beasts
 11058 | Lair:2   | Noticed Fannar
 11076 | Lair:1   | Reached **** piety under Makhleb
 11170 | Lair:2   | Reached skill level 10 in Spellcasting
 11190 | Lair:2   | Killed Fannar
 11259 | Lair:2   | Identified the ring of the Establishment {rF+ Str+6}
 11331 | Lair:2   | Reached XP level 13. HP: 94/94 MP: 0/0
 11331 | Lair:2   | Learned a level 5 spell: Summon Forest
 11798 | Lair:3   | Noticed Nessos
 11812 | Lair:3   | Shot with an arrow by Nessos

Illustrated notes

Levels and vault maps discovered:
D:1:      erik_arrival_blinker_ship, layout_loops_ring,
          hellmonk_ecumenical_altar_arch_garden
D:2:      cheibrodos_pilgrimage, layout_loops_ring, uniq_robin
D:3:      layout_loops_cross, tgw_kikubaaqudgha, nzn_hepliaklqana_mist_gate,
          gammafunk_ghost_abyssal_escape, minmay_bisected
D:4:      layout_loops_corners, uniq_menkaure
D:5:      layout_basic, temple_fountains, gammafunk_ghost_gnarly_gnolls
D:6:      layout_basic, serial_shops, nicolae_square_shop,
          nicolae_shop_waterfront, nicolae_take_the_stairs,
          gup_sewer_entry_spiral
D:7:      layout_loops_ring, grunt_nemelex_the_gamble, grunt_ministairs_13,
          kb_rosetta
D:8:      layout_cave_pools, st_stairs_13
D:9:      layout_roguey, nicolae_ashenzari_panopticon, lemuel_tele_altar,
          hellmonk_ghost_big_iron
D:10:     cheibrodos_barr_body, layout_gridville, good_gods_mini_temple,
          dpeg_oklobed_lair
Temple:   nicolae_temple_bog_church
Lair:1:   layout_layer_cave, lemuel_fruit_fields, grunt_megastairs_3
Lair:2:   layout_loops_ring, grunt_megastairs_1, uniq_fannar
Lair:3:   layout_roguey, minmay_swamp_entry_worms, guppyfry_snake_entry_island,
          kennysheep_basilisk_garden, lemuel_fruit_tree, serial_bayou_shore_b,
          uniq_nessos

Skill      XL: |  1  2  3  4  5  6  7  8  9 10 11 12 |
---------------+-------------------------------------+-----
Fighting       | 1 2 3 4 5 6 7 8 9 |  9.5
Dodging        | 3 4 5 6 7 8 |  8.0
Spellcasting   | 4 5 7 9 10 | 10.3
Shields        | 4 5 6 |  6.8
Invocations    | 3 5 8 |  8.6
Evocations     | 2 5 |  5.0
Armour         | 4 |  4.0
Stealth        | |  1.5

Action                     |  1- 3 |  4- 6 |  7- 9 | 10-12 | 13-15 || total
---------------------------+-------+-------+-------+-------+-------++-------
  Melee: Trident           |       |       |       |    20 |    10 ||    30
   Cast: Magic Dart        |    74 |    80 |    96 |    47 |     4 ||   301
         Searing Ray       |     1 |    21 |    49 |    23 |       ||    94
         Fulminant Prism   |       |       |    29 |   112 |    12 ||   153
         Iskenderun's Myst |       |       |     4 |    51 |    12 ||    67
         Shock             |       |       |     1 |       |       ||     1
         Dazzling Flash    |       |       |       |     1 |       ||     1
         Frozen Ramparts   |       |       |       |     6 |       ||     6
         Flame Wave        |       |       |       |     4 |     1 ||     5
         Summon Forest     |       |       |       |       |     1 ||     1
    Use: Scroll            |       |       |    10 |     6 |       ||    16
 Armour: Robe              |     1 |     5 |     1 |       |       ||     7
         Troll leather arm |       |       |    10 |    31 |     4 ||    45
  Dodge: Dodged            |     7 |    15 |    43 |    70 |    11 ||   146
  Block: Other             |       |       |     5 |       |       ||     5
         Buckler           |       |       |    18 |    43 |     7 ||    68
         Reflection        |       |       |    10 |     5 |       ||    15

Table legend: (Time is in decaauts)
 A = Elapsed time spent in this place.
 B = Non-inter-level travel time spent in this place.
 C = Inter-level travel time spent in this place.
 D = Time resting spent in this place.
 E = Time spent auto-exploring this place.
 F = Levels seen in this place.
 G = Mean time per level.
                   A        B        C        D        E       F      G
               +--------+--------+--------+--------+--------+-----+--------+
         Total |  11837 |  10956 |    881 |    461 |   8186 |  15 |  789.1 |
       Dungeon |   9554 |   8775 |    779 |    388 |   6579 |  10 |  955.4 |
        Temple |    251 |    213 |     38 |     51 |    139 |   1 |  251.0 |
          Lair |   1808 |   1744 |     64 |     22 |   1298 |   3 |  602.7 |
         Sewer |    223 |    223 |      0 |      0 |    170 |   1 |  223.0 |
               +--------+--------+--------+--------+--------+-----+--------+

Top non-repeatable levels by time:
     D:7: 1761 daAuts
  Lair:1: 1129 daAuts
     D:5: 1029 daAuts
     D:4: 1020 daAuts
     D:2: 1010 daAuts
    D:10: 867 daAuts
     D:1: 828 daAuts
     D:3: 807 daAuts
     D:6: 787 daAuts
     D:9: 757 daAuts
     D:8: 684 daAuts
  Lair:2: 611 daAuts
  Temple: 251 daAuts
   Sewer: 223 daAuts
  Lair:3: 67 daAuts
